 Dungeon Crawl Stone Soup version 0.28.0-53-g5a82cb258f (webtiles) character file.

Game seed: 15235386142492220328

16236 Infinimo the Basher (level 12, -1/136 HPs)
             Began as an Ogre Gladiator on May 29, 2022.
             Was a High Priest of Okawaru.
             Slain by Rupert
             ... wielding a +2 antimagic battleaxe
              (48 damage)
             ... on level 2 of the Lair of Beasts.
             The game lasted 00:33:06 (23927 turns).

Infinimo the Basher (Ogre Gladiator)               Turns: 23927, Time: 00:33:07

Health: -1/136     AC:  3    Str: 27      XL:     12   Next: 35%
Magic:  0/12       EV: 12    Int: 15 (17) God:    Okawaru [*****.]
Gold:   746        SH:  5    Dex:  8 (10) Spells: 11/11 levels left

rFire   . . .      SeeInvis +   C - +0 dire flail
rCold   + . .      Faith    .   (shield currently unavailable)
rNeg    + . .      Spirit   .   A - +0 robe of the Fife {rPois rN+}
rPois   +          Reflect  +   F - +0 hat "Nurai" {+Inv Str+2 Int+8}
rElec   .          Harm     .   (no cloak)
rCorr   .          Rampage  .   (gloves unavailable)
Will    +....                   (boots unavailable)
Stlth   +.........              g - amulet of reflection
HPRegen 0.32/turn               e - ring of see invisible
MPRegen 0.13/turn               u - ring of protection from cold

@: mighty, studying Long Blades, invisible
A: large, unfitting armour, tough skin 1, deterioration 1, sense surroundings 1
a: Renounce Religion, Evoke Invisibility, Heroism, Finesse, Duel


You were on level 2 of the Lair of Beasts.
You worshipped Okawaru.
Okawaru was extremely pleased with you.
You visited 3 branches of the dungeon, and saw 14 of its levels.

You collected 758 gold pieces.
You spent 12 gold pieces at shops.

Inventory:

Hand Weapons
 m - a +0 hunting sling
 C - a +0 dire flail (weapon)
Missiles
 n - 117 sling bullets
Armour
 A - the +0 robe of the Fife (worn) {rPois rN+}
   (You found it on level 9 of the Dungeon)

   rPois:     It protects you from poison.
   rN:        It protects you from negative energy.
 F - the +0 hat "Nurai" (worn) {+Inv Str+2 Int+8}
   (Okawaru gifted it to you on level 2 of the Lair of Beasts)

   Str:       It affects your strength (+2).
   Int:       It affects your intelligence (+8).
   +Inv:      It lets you turn invisible.
Jewellery
 e - a ring of see invisible (left hand)
 g - an amulet of reflection (around neck)
 u - a ring of protection from cold (right hand)
 z - a ring of fire
Wands
 d - a wand of digging (9)
 D - a wand of flame (7)
Scrolls
 c - a scroll of identify
 i - a scroll of teleportation
 j - 2 scrolls of magic mapping
 p - 2 scrolls of enchant armour
 q - a scroll of blinking {unknown}
 v - 3 scrolls of fog
 w - 3 scrolls of immolation
 y - 3 scrolls of amnesia
Potions
 a - 2 potions of brilliance
 f - a potion of resistance
 h - 2 potions of curing
 k - 3 potions of mutation
 l - 4 potions of magic
 r - 5 potions of flight
 t - 2 potions of degeneration
 E - a potion of berserk rage {unknown}


   Skills:
 + Level 13.1 Fighting
 * Level 13.2 Maces & Flails
 - Level 2.0 Throwing
 + Level 9.6 Dodging


You had 11 spell levels left.
You didn't know any spells.
Your spell library contained the following spells:

 Spells                   Type           Power      Damage    Failure   Level
 Beastly Appendage        Tmut           0%         N/A       26%         1
 Pain                     Necr           0%         1d4       26%         1
 Shock                    Conj/Air       0%         1d3       26%         1
 Corpse Rot               Necr/Air       0%         N/A       38%         2
 Sublimation of Blood     Necr           0%         N/A       38%         2
 Wereblood                Tmut           0%         N/A       38%         2
 Ozocubu's Armour         Ice            0%         N/A       63%         3
 Spider Form              Tmut/Pois      0%         N/A       63%         3
 Swiftness                Air            0%         N/A       63%         3
 Vampiric Draining        Necr           0%         2d6       63%         3
 Airstrike                Air            0%         N/A       95%         4
 Dispel Undead            Necr           0%         3d6       95%         4
 Hailstorm                Conj/Ice       0%         3d3       95%         4
 Ice Form                 Ice/Tmut       0%         N/A       95%         4
 Leda's Liquefaction      Hex/Erth       0%         N/A       95%         4
 Petrify                  Tmut/Erth      0%         N/A       95%         4
 Irradiate                Conj/Tmut      0%         3d13      100%        5
 Lee's Rapid Deconstruct  Erth           0%         3d5*      100%        5
 Metabolic Englaciation   Hex/Ice        0%         N/A       100%        5
 Statue Form              Tmut/Erth      0%         N/A       100%        6
 Ozocubu's Refrigeration  Ice            0%         4d5       100%        7
 Animate Skeleton         Necr           Unusable   N/A       N/A         1
 Death Channel            Necr           Unusable   N/A       N/A         6
 Simulacrum               Ice/Necr       Unusable   N/A       N/A         6

Dungeon Overview and Level Annotations

Branches:
Dungeon (10/15)            Temple (1/1) D:7            Lair (3/6) D:9
    Orc (0/2) D:9
  Swamp: Lair:2-4    Shoals: Lair:2-4     Snake: Lair:2-4    Spider: Lair:2-4

Altars:
Ashenzari
Cheibriados
Dithmenos
Elyvilon
Fedhas
Gozag
Hepliaklqana
Kikubaaqudgha
Makhleb
Nemelex Xobeh
Okawaru
Qazlal
Ru
Sif Muna
Trog
Uskayaw
Vehumet
Wu Jian
Xom
Yredelemnul
Zin
The Shining One

Shops:
D:10 *

Annotations:
D:5 Pikel
D:8 2 transporters, Faeu's ghost, novice MiBe
Lair:2 Rupert


Innate Abilities, Weirdness & Mutations

You are too large for most types of armour.
You have tough skin. (AC +1)
Your body sometimes deteriorates upon taking damage.
You passively map a small area around you.


Message History

Rupert goes berserk!
Your surroundings suddenly seem different.
You hear a shout!
You start resting.
You hear a shout! x8
Magic restored.
You start resting.
Rupert is nearby!
Throw: dart (curare)
Press: ? - help, Shift-Dir - straight line, f - Rupert
Aim: Rupert, wielding a +2 antimagic battleaxe and wearing a +0 scale mail (wandering, hasn't noticed you, 66% to hit)
You throw a curare-tipped dart.
The curare-tipped dart closely misses Rupert.
Rupert shouts!
m - a +0 hunting sling (weapon)
You shoot a sling bullet.
The sling bullet hits Rupert but does no damage.
You shoot a sling bullet.
The sling bullet hits Rupert but does no damage.
You shoot a sling bullet.
The sling bullet hits Rupert but does no damage.
Rupert yells loudly at you.
You are confused.
You feel better.
Rupert roars madly and goes into a rage!
Rupert goes berserk!
You fade into invisibility!
You feel very mighty all of a sudden.
Rupert hits you with a +2 antimagic battleaxe!!
You feel your power leaking away.
C - a +0 dire flail (weapon)
Rupert hits you with a +2 antimagic battleaxe!!!
You strike the helpless Rupert from behind!
You impale Rupert!!
Rupert is lightly wounded.
Rupert hits you with a +2 antimagic battleaxe!!
You impale Rupert!!
Rupert is moderately wounded.
Rupert hits you with a +2 antimagic battleaxe!!!
You die...

#...P##..# #...#.................
##.####..###.#####...(.##...##...
#.#####..#P#'##.#....(..##.##....
.......................######.<..
....................(............
.................................
..........#####.#......###.'.##P.
###'##....#......@#....####..####
###.###...#.....@.#.....##..#.###
P##.##............#....##.....##.
....##....#.......#...###.......P
....##............#...###........
....P##...#............##.##..#..
....##............#...###.##..##.
##..###...#.......#...##..#.+#.#.
#..#.#....#.##.###..............
##.###..................<........


You could see Rupert (berserk).

Vanquished Creatures
  A hydra (Lair:2)
  A catoblepas (Lair:2)
  3 death yaks (D:8)
  A manticore (D:10)
  Joseph (D:7)
  Maurice (D:9)
  A black mamba (Lair:2)
  6 cane toads
  A rime drake (Lair:2)
  3 komodo dragons
  A polar bear (Lair:1)
  A troll (D:10)
  A shadow (D:10)
  16 yaks
  2 wyverns (D:8)
  A basilisk (Lair:1)
  A wraith (D:10)
  Grum (D:9)
  9 water moccasins
  5 orc warriors
  A sky beast (D:5)
  An ice beast (D:6)
  2 black bears
  An ogre (D:4)
  15 wolves
  A centaur (D:8)
  4 lemures
  4 bullfrogs
  3 scorpions
  9 killer bees
  2 howler monkeys
  A centaur zombie (D:6)
  3 hounds (D:6)
  3 gnoll shamans
  9 orc priests
  A bullfrog skeleton (D:5)
  5 iguanas
  4 hell rats (Lair:1)
  15 orc wizards
  17 gnolls
  A howler monkey skeleton (D:6)
  7 adders
  3 river rats (Lair:2)
  A shadow imp (D:6)
  2 white imps
  3 worms
  63 orcs
  6 ball pythons
  6 endoplasms
  2 giant cockroaches
  9 goblins
  8 hobgoblins
  8 jackals
  5 quokkas
  9 bats
  A frilled lizard (D:2)
  6 kobolds
  6 rats
304 creatures vanquished.

Vanquished Creatures (others)
  A bullfrog (Lair:2)
  11 fungi
  11 plants
23 creatures vanquished.

Grand Total: 327 creatures vanquished

Notes
Turn   | Place    | Note
-------+----------+-------------------------------------------
     0 | D:1      | Infinimo the Ogre Gladiator began the quest for the Orb.
     0 | D:1      | Reached XP level 1. HP: 22/22 MP: 1/1
    57 | D:1      | Reached XP level 2. HP: 9/31 MP: 2/2
   709 | D:1      | Reached XP level 3. HP: 35/37 MP: 3/3
  1775 | D:2      | Reached XP level 4. HP: 34/46 MP: 4/4
  2255 | D:3      | Found a hide-covered altar of Uskayaw.
  2369 | D:3      | Found a faded altar of an unknown god.
  2627 | D:3      | Reached XP level 5. HP: 54/54 MP: 5/5
  2861 | D:3      | Found a shadowy altar of Dithmenos.
  3767 | D:4      | Found a radiant altar of Vehumet.
  3934 | D:4      | Noticed an ogre
  4033 | D:4      | Gained mutation: Your body sometimes deteriorates upon
                  | taking damage. [potion of mutation]
  4033 | D:4      | Gained mutation: You passively map a small area around you.
                  | [potion of mutation]
  4039 | D:4      | Killed an ogre
  4040 | D:4      | Reached XP level 6. HP: 6/65 MP: 6/6
  4842 | D:4      | Identified the +6 spear "Yblutsapn" {venom, Drain rN+
                  | Str+4}
  5008 | D:4      | Reached skill level 5 in Maces & Flails
  5066 | D:4      | Reached skill level 5 in Fighting
  5401 | D:5      | Entered Level 5 of the Dungeon
  5513 | D:5      | Reached XP level 7. HP: 72/72 MP: 7/7
  5877 | D:5      | Noticed Pikel
  7906 | D:6      | Reached XP level 8. HP: 83/83 MP: 8/8
  8077 | D:6      | Reached skill level 5 in Dodging
  9061 | D:7      | Noticed Joseph
 10051 | D:6      | Reached XP level 9. HP: 61/94 MP: 9/9
 10402 | D:7      | Found a staircase to the Ecumenical Temple.
 10440 | Temple   | Entered the Ecumenical Temple
 10709 | Temple   | Became a worshipper of Warmaster Okawaru
 10784 | D:7      | Killed Joseph
 10792 | D:7      | Identified the +2 ring mail "Qeutearyle" {rF+ rCorr Str+3}
 10801 | D:7      | Reached * piety under Okawaru
 12044 | D:8      | Noticed Faeu's ghost (novice MiBe)
 12045 | D:8      | Noticed a tengu conjurer
 12064 | D:8      | Found a transporter.
 12089 | D:8      | Identified the +11 short sword of Annihilation {holy, rN+
                  | Will+ Int+4 Dex-5}
 12399 | D:8      | Found a transporter.
 12437 | D:8      | Identified the ring of the Butterfly {rElec rN+ MP+9}
 12976 | D:8      | Reached ** piety under Okawaru
 12977 | D:8      | Reached XP level 10. HP: 93/107 MP: 10/10
 13556 | D:9      | Noticed Grum
 13629 | D:9      | Noticed a death yak
 13631 | D:9      | Noticed a death yak
 13661 | D:8      | Killed a death yak
 13661 | D:8      | Reached *** piety under Okawaru
 13662 | D:8      | Reached skill level 10 in Fighting
 13662 | D:8      | Reached skill level 10 in Maces & Flails
 14212 | D:9      | Noticed a death yak
 14259 | D:8      | Killed a death yak
 14312 | D:8      | Killed a death yak
 14312 | D:8      | Received a gift from Okawaru
 14312 | D:8      | Reached **** piety under Okawaru
 15174 | D:9      | Found a staircase to the Lair.
 15583 | D:9      | Killed Grum
 15584 | D:9      | Reached XP level 11. HP: 73/119 MP: 11/11
 15871 | D:9      | Noticed Maurice
 15907 | D:10     | Entered Level 10 of the Dungeon
 16094 | D:9      | Killed Maurice
 16097 | D:9      | Identified the +0 robe of the Fife {rPois rN+}
 16214 | D:9      | Found a staircase to the Orcish Mines.
 16214 | D:9      | Found a hazy altar of Hepliaklqana.
 16503 | D:10     | Noticed a manticore
 16520 | D:10     | Killed a manticore
 17067 | D:10     | Found Atwome's CLEARANCE SALE!.
 17073 | D:10     | Bought a scroll of teleportation for 12 gold pieces
 17263 | D:10     | Reached ***** piety under Okawaru
 17933 | Lair:1   | Entered Level 1 of the Lair of Beasts
 20920 | Lair:2   | Noticed a seven-headed hydra
 21094 | Lair:2   | Reached XP level 12. HP: 107/133 MP: 12/12
 21186 | Lair:2   | Noticed a catoblepas
 21224 | Lair:2   | Killed a catoblepas
 21412 | Lair:2   | Identified the +0 hat "Nurai" {+Inv Str+2 Int+8} (Okawaru
                  | gifted it to you on level 2 of the Lair of Beasts)
 21412 | Lair:2   | Received a gift from Okawaru
 21721 | Lair:2   | Killed a seven-headed hydra
 23522 | Lair:3   | Noticed a four-headed hydra
 23750 | Lair:3   | Noticed Rupert
 23750 | Lair:3   | Paralysed by Rupert for 3 turns
 23927 | Lair:2   | Slain by Rupert

Illustrated notes

Levels and vault maps discovered:
D:1:      moated_graveyard_arrival, layout_basic, item_on_display_a
D:2:      layout_rooms
D:3:      layout_basic, mainiacjoe_overflow_concentric_impassable,
          nicolae_dithmenos_shadow_blocks, nicolae_ecumenical_oubliette
D:4:      layout_basic, old_standard_altar
D:5:      layout_cave_pods, uniq_pikel
D:6:      layout_basic
D:7:      layout_loops_ring, minmay_temple_entry_stoned_glass,
          dk_noncrumbling_4, minivault_23, eino_small_chamber_without_monster,
          uniq_joseph
D:8:      layout_loops_ring, nzn_ghost_randoct
D:9:      layout_cross, mainiacjoe_overflow_small_starburst, dpeg_lair_monsters,
          hiddenorc2_lemuel, uniq_maurice, uniq_grum
D:10:     layout_stronghold, nicolae_shop_clearance
Temple:   dpeg_five_rooms_temple
Lair:1:   layout_roguey
Lair:2:   layout_regular_city, pond, infiniplex_staircase_pool_2
Lair:3:   layout_regular_city, serial_bayou_shore_b, uniq_rupert, uniq_fannar

Skill      XL: |  1  2  3  4  5  6  7  8  9 10 11 12 |
---------------+-------------------------------------+-----
Fighting       | 3 4 5 6 7 9 10 12 13 | 13.1
Maces & Flails | 3 4 5 6 7 9 11 12 13 | 13.2
Dodging        | 3 4 5 6 8 9 |  9.6
Throwing       | |  2.0

Action                   |  1- 3 |  4- 6 |  7- 9 | 10-12 || total
-------------------------+-------+-------+-------+-------++-------
Melee: Flail             |   160 |    24 |       |       ||   184
       Punch             |     1 |     1 |     5 |    10 ||    17
       Whip              |       |    66 |   505 |   511 ||  1082
       Dire flail        |       |       |       |   317 ||   317
 Fire: Hunting sling     |       |   110 |   123 |    13 ||   246
Throw: Throwing net      |       |       |     1 |     2 ||     3
       Dart              |       |       |     4 |     8 ||    12
Evoke: Wand              |       |       |       |     1 ||     1
  Use: Scroll            |       |    10 |     8 |     6 ||    24
       Potion            |       |     2 |     1 |     3 ||     6
 Stab: Sleeping          |       |     1 |       |     1 ||     2
       Held in net/web   |       |       |       |     2 ||     2
       Invisible         |       |       |       |     1 ||     1
Armor: Robe              |    54 |    26 |    82 |    62 ||   224
       Skin              |       |       |    17 |       ||    17
Dodge: Dodged            |    88 |    61 |   173 |   279 ||   601
Block: Other             |       |     1 |   112 |    98 ||   211
       Reflection        |       |       |     2 |       ||     2
